 Dungeon Crawl Stone Soup version 0.21.0-24-g2553a33 (webtiles) character file.

711772 Moloch the Conqueror (level 27, -4/233 HPs)
             Began as a Gargoyle Fighter on Jan 19, 2018.
             Was the Champion of Zin.
             Killed from afar by BonjourVileCrotch's ghost (30 damage)
             ... with a great blast of fire
             ... on level 3 of the Realm of Zot.
             The game lasted 03:00:47 (60998 turns).

Moloch the Conqueror (Gargoyle Fighter)            Turns: 60998, Time: 03:00:47

Health: -4/233     AC: 58    Str: 31    XL:     27
Magic:  14/35      EV: 18    Int: 12    God:    Zin [******]
Gold:   820        SH:  4    Dex: 16    Spells: 37/42 levels left

rFire    + . .     SeeInvis +   D - +8 executioner's axe (flame)
rCold    + . .     Gourm    .   (shield currently unavailable)
rNeg     + . .     Faith    .   Y - +4 plate armour {rF+}
rPois    ∞         Spirit   .   u - +2 helmet {SInv}
rElec    +         Reflect  .   i - scarf {repulsion}
rCorr    +         Harm     .   T - +1 pair of gloves "Cuzaje" {rCorr}
MR       +++..     Clarity  +   W - +0 pair of boots {Fly}
Stlth    ..........             G - amulet of Vitality {Regen+ HP+15}
HPRegen  0.88/turn              l - ring of protection from cold
MPRegen  0.24/turn              n - +5 ring of slaying

@: about to teleport, flying, repel missiles
A: big wings, icy blue scales 1, large bone plates 1, slimy green scales 1,
agile 2, blink, clarity, magic resistance 1, negative energy resistance 1,
robust 1, screaming 1, electricity resistance, strong 2, unbreathing, evolution
1, petrification resistance, rot immunity, AC +20
}: 4/15 runes: decaying, serpentine, silver, abyssal
a: Stop Flying, Blink, Recite, Vitalisation, Imprison, Sanctuary, Donate Gold,
Renounce Religion


You were on level 3 of the Realm of Zot.
You worshipped Zin.
Zin was exalted by your worship.
You were not hungry.

You visited 12 branches of the dungeon, and saw 56 of its levels.
You visited the Abyss 4 times.
You visited 1 bazaar.

You collected 10093 gold pieces.
You spent 5915 gold pieces at shops.
You donated 3358 gold pieces to Zin.

Inventory:

Hand Weapons
 D - a +8 executioner's axe of flaming (weapon)
Missiles
 w - a throwing net (quivered)
Armour
 i - a scarf of repulsion (worn)
 u - a +2 helmet of see invisible (worn)
 F - the +0 cloak of Lifelessness {rF+ rC- Str+4}
   (You bought it in a shop on level 4 of the Vaults)

   It affects your strength (+4).
   It protects you from fire.
   It makes you vulnerable to cold.
 T - the +1 pair of gloves "Cuzaje" (worn) {rCorr}
   (You took it off Nikola on level 1 of the Snake Pit)

   It protects you from acid and corrosion.
 W - a +0 pair of boots of flying (worn)
 Y - a +4 plate armour of fire resistance (worn)
Jewellery
 k - an uncursed ring of protection from cold
 l - a ring of protection from cold (left hand)
 n - a +5 ring of slaying (right hand)
 B - an uncursed ring of positive energy
 G - the amulet of Vitality (around neck) {Regen+ HP+15}
   (You bought it in a shop on level 1 of the Depths)

   [amulet of regeneration]

   It affects your health (+15).
   It increases your rate of regeneration.
 N - an uncursed ring of protection from cold
 O - the amulet "Codohyah" {Gourm +Inv rPois MR++ Str-4 Int+2}
   (You took it off a vault sentinel on level 5 of the Vaults)

   [amulet of the gourmand]

   It allows you to eat raw meat even when not hungry.
   It affects your strength (-4).
   It affects your intelligence (+2).
   It protects you from poison.
   It affects your resistance to hostile enchantments.
   It lets you turn invisible.
 U - an uncursed ring of protection from fire
 X - an uncursed ring of protection from magic
Wands
 P - a wand of digging (4)
Scrolls
 a - 4 scrolls of holy word
 b - a scroll of brand weapon
 g - 3 scrolls of immolation
 j - 18 scrolls of teleportation
 m - 29 scrolls of remove curse
 o - a scroll of acquirement
 r - 4 scrolls of enchant weapon
 s - 3 scrolls of summoning
 v - 5 scrolls of blinking
 E - 7 scrolls of enchant armour
 I - 14 scrolls of magic mapping
 M - 10 scrolls of fog
 Q - 13 scrolls of identify
 V - a scroll of silence
Potions
 d - 12 potions of might
 e - 15 potions of mutation
 h - a potion of cancellation
 p - a potion of invisibility
 q - 14 potions of heal wounds
 z - 29 potions of curing
 A - 6 potions of berserk rage
 C - 6 potions of agility
 H - 8 potions of resistance
 L - 10 potions of haste
 R - a potion of magic
Miscellaneous
 t - 3 phantom mirrors
Comestibles
 f - 84 rations


   Skills:
 O Level 27 Fighting
 O Level 27 Axes
 * Level 23.2 Armour
 * Level 14.4 Dodging
   Level 3.2 Shields
 - Level 8.4 Spellcasting
 - Level 8.1 Charms
 - Level 7.5 Necromancy
 - Level 11.4 Invocations


You had 37 spell levels left.
You knew the following spells:

 Your Spells              Type           Power        Failure   Level  Hunger
a - Blink                 Tloc           N/A          56%         2    None
b - Regeneration          Chrm/Necr      ###.......   5%          3    ##.....


Dungeon Overview and Level Annotations

Branches:
Dungeon (15/15)            Temple (1/1) D:6            Lair (6/6) D:8
  Swamp (4/4) Lair:4        Snake (4/4) Lair:3        Slime (5/5) Lair:5
    Orc (2/2) D:10            Elf (3/3) Orc:2        Vaults (5/5) D:14
  Crypt (3/3) Vaults:2       Tomb (0/3) Crypt:3      Depths (5/5) D:15
    Zot (3/5) Depths:5

Altars:
Ashenzari
Cheibriados
Dithmenos
Elyvilon
Fedhas
Gozag
Hepliaklqana
Kikubaaqudgha
Makhleb
Nemelex Xobeh
Okawaru
Qazlal
Sif Muna
Trog
Uskayaw
Vehumet
Wu Jian
Xom
Yredelemnul
Zin
The Shining One
Jiyva

Shops:
Orc:1 *   Orc:2 **=[   Elf:3 !   Snake:3 [   Vaults:3 :!(   Vaults:4 [
Depths:1 =}}   Depths:3 *

Portals:
Hell: Depths:1 Depths:2 Depths:3 Depths:4 Depths:5
Abyss: Depths:4
Pandemonium: Depths:1 Depths:3
Ziggurat: Depths:5

Annotations:
Lair:6 exclusion: oklob plant
Slime:5 Royal Jelly
Depths:3 2 transporters, exclusion: obsidian statue
Zot:3 BonjourVileCrotch's ghost, legendary GrEE


Innate Abilities, Weirdness & Mutations

You are resistant to torment.
Your stone body is resilient. (AC +20)
You are immune to poison.
Your large and strong wings let you fly indefinitely.
You resist negative energy. (rN+)
You are resistant to electric shocks. (rElec)
You can survive without breathing.
You are immune to petrification.
You are immune to rotting.
You are partially covered in icy blue scales. (AC +2)
You are partially covered in large bone plates. (SH +4)
You are partially covered in slimy green scales. (AC +2)
You are very agile. (Dex +4)
You can translocate small distances at will.
You possess an exceptional clarity of mind.
You are resistant to hostile enchantments. (MR+)
You are robust. (+10% HP)
You occasionally shout uncontrollably at your foes.
Your muscles are very strong. (Str +4)
You evolve.


Message History

The great blast of fire engulfs the red draconian knight.
The red draconian knight partially resists.
The red draconian knight's icy armour evaporates.
The red draconian knight is engulfed in blazing flames.
The red draconian knight throws a throwing net.
The throwing net is repelled.
The throwing net barely misses the fire vortex.
You hear a roar!
You hear a chilling moan.
You hear a roar! 3 fire vortices come into view.
As you read the scroll of teleportation, it crumbles to dust.
You feel strangely unstable.
You feel the Orb delaying your translocation!
You are engulfed in blazing flames.
You resist.
* * * LOW HITPOINT WARNING * * *
The quicksilver dragon is engulfed in blazing flames.
The red draconian knight is engulfed in blazing flames.
BonjourVileCrotch's ghost casts a spell at you.
A raging storm of fire appears!
The great blast of fire engulfs you! You partially resist.
You die...

.. ...#.(.......# ..
... #)[†##...## .#
#..#.#..# ...# .#
#..###.d# ..# #.
##..###dq# ..# #.
..#§v§.§§§d# ..
#)....§§§##q§#.......
. ....#.#§§D§###..##
#. #.# #§@W## ..#
###.#..###§§§§# .#
##.......§§§§#§# .
........§§§§###.. ..
#...#.(.v.v.#... ##
#..###........#
###.####.####.....###
# ........|.[...#.##
..##......)))####.#


You could see 2 draconians, a yellow draconian, a green draconian, a red
draconian, a quicksilver dragon, 3 fire vortices and BonjourVileCrotch's ghost.

Vanquished Creatures
  2 ancient liches
  A shard shrike (shapeshifter) (Vaults:5)
  A Killer Klown (Zot:3)
  Saint Roka (Elf:2)
  Vashnia (Snake:4)
  A curse toe (Crypt:3)
  Xtahua (Depths:3)
  Margery (Depths:4)
  Nikola (Snake:1)
  11 golden dragons
  The ghost of microfolk the Messiah, an adept HOMo of Beogh (Vaults:4)
  3 bone dragons
  6 liches
  2 electric golems
  Jorgrun (Depths:1)
  15 tentacled monstrosities
  6 deep elf blademasters
  Asterion (Elf:3)
  6 quicksilver dragons
  17 titans
  8 deep elf master archers
  12 sphinxes
  2 Executioners (Abyss:2)
  8 acid blobs
  11 tentacled starspawn
  3 death cobs
  6 thorn hunters
  5 tengu reavers
  Agnes (Snake:1)
  14 storm dragons
  11 shadow dragons
  6 ancient champions
  5 draconian monks
  7 nagarajas
  2 azure jellies
  14 vault wardens
  23 fire giants
  17 frost giants
  4 balrugs
  4 revenants
  10 deep elf sorcerers
  6 draconian knights
  A cacodemon (Abyss:2)
  3 ghost moths
  An iron dragon (Depths:2)
  A curse skull (Crypt:3)
  Aizul (Vaults:3)
  A draconian scorcher (Zot:1)
  Louise (Elf:2)
  7 deep elf elementalists
  5 draconian shifters
  6 draconian stormcallers
  10 ghouls
  16 ironheart preservers
  3 spriggan defenders
  15 vampire knights
  2 reapers
  2 draconian annihilators
  38 very ugly things
  28 stone giants
  2 war gargoyles
  A caustic shrike skeleton (Crypt:3)
  An entropy weaver (Vaults:3)
  9 green draconians
  7 deep elf demonologists
  8 deep elf annihilators
  A lorocyproca (Depths:1)
  Azrael (Elf:2)
  4 spark wasps (Depths:3)
  7 black draconians
  6 white draconians
  4 purple draconians
  2 blizzard demons
  12 red draconians
  8 yellow draconians
  18 ettins
  A crystal guardian (Vaults:4)
  13 deep elf death magi
  4 eidola
  8 fire dragons
  7 jiangshi
  A quicksilver dragon zombie (Crypt:1)
  Josephine (D:11)
  14 yaktaur captains
  The ghost of NorthaanB the Cleaver, a journeyman HOMo (Lair:1)
  4 green deaths
  10 deep elf high priests
  14 great orbs of eyes
  28 vault guards
  A quicksilver dragon skeleton (Crypt:2)
  7 rakshasas
  An ice dragon (Depths:4)
  23 ogre magi
  16 naga warriors
  3 ghost crabs
  13 centaur warriors
  16 hydras
  The ghost of Nanban the Martial Artist, a journeyman DsBe of Trog (Orc:2)
  3 spriggan air magi (Depths:5)
  12 anacondas
  79 two-headed ogres
  7 death knights
  16 tengu warriors
  15 alligators
  7 deep troll shamans
  A satyr (Abyss:3)
  31 dancing weapons
  4 hell hogs
  14 vampire magi
  5 shock serpents
  15 thrashing horrors
  7 deep troll earth magi
  22 naga sharpshooters
  3 storm dragon zombies
  13 spriggan berserkers
  11 wretched stars
  7 soul eaters
  8 sun demons
  23 deep elf knights
  10 hell knights
  6 shadow wraiths
  2 salamander mystics
  3 iron trolls
  34 skeletal warriors
  12 sea snakes (Snake:4)
  2 spark wasp zombies
  A fire crab (shapeshifter) (Abyss:3)
  An anaconda zombie (Crypt:3)
  4 unseen horrors
  A golden dragon zombie (Depths:4)
  6 sixfirhies
  2 quicksilver dragon simulacra (Depths:2)
  9 naga ritualists
  11 glowing orange brains
  An infernal demonspawn (Depths:1)
  33 deep trolls
  2 titan skeletons
  9 swamp dragons
  3 spatial maelstroms (Abyss:2)
  3 spriggan druids
  5 wizards
  An iron giant zombie (Crypt:3)
  An obsidian statue (Depths:1)
  3 flayed ghosts
  A swamp dragon (shapeshifter) (Vaults:5)
  23 deep elf archers
  A shadow dragon zombie (D:15)
  15 orc knights
  13 mana vipers
  2 lindwurms (shapeshifter)
  An orange crystal statue (Vaults:4)
  8 phantasmal warriors
  5 shambling mangroves
  A golden dragon skeleton (Depths:4)
  49 ugly things
  2 frost giant zombies
  7 wolf spiders
  80 deep elf magi
  12 necromancers
  3 wolf spider zombies
  8 ironbrand convokers
  3 harpies (Vaults:4)
  8 cyclopes
  4 orc sorcerers
  9 worldbinders
  10 salamanders
  9 moths of wrath
  5 oklob plants (Lair:5)
  A stone giant zombie (D:15)
  2 fire giant skeletons
  3 shining eyes
  A fire giant zombie (Crypt:2)
  A human skeleton (Vaults:4)
  14 elephants
  A dire elephant zombie (Abyss:3)
  A spriggan zombie (Depths:4)
  4 guardian serpents
  A frost giant skeleton (Abyss:3)
  An ice statue (Depths:2)
  9 rust devils
  37 black mambas
  3 manticores
  2 orange demons
  A dire elephant skeleton (Abyss:2)
  29 naga magi
  2 water nymphs (Abyss:3)
  13 vault sentinels
  A torpor snail (Lair:3)
  An elf zombie (Vaults:4)
  15 smoke demons
  24 spiny frogs
  Psyche (D:12)
  A gargoyle (D:13)
  3 apocalypse crabs
  A storm dragon simulacrum (Vaults:4)
  A hellion (Abyss:3)
  4 rime drakes
  50 yaktaurs
  5 kobold demonologists
  3 tormentors
  8 efreet
  12 freezing wraiths
  2 yaktaurs (shapeshifter)
  4 hellwings
  2 ice devils (Depths:2)
  A ghost moth simulacrum (Crypt:3)
  7 tengu conjurers
  3 demonic crawlers
  A silent spectre (Abyss:3)
  26 hornets
  18 ancient zymes
  2 trolls (shapeshifter)
  5 tyrant leeches
  9 red devils
  A polar bear (shapeshifter) (Vaults:1)
  A harpy zombie (Crypt:2)
  A meliai (shapeshifter) (Vaults:4)
  10 polar bears
  A wind drake (shapeshifter) (Depths:3)
  3 meliai (D:14)
  16 trolls
  16 blink frogs
  A jumping spider zombie (Crypt:3)
  5 hippogriffs
  86 slime creatures
  11 bog bodies
  A fire dragon zombie (Crypt:1)
  A fire giant simulacrum (Vaults:4)
  A stone giant simulacrum (Crypt:2)
  42 raiju
  An ice dragon zombie (Crypt:1)
  A meliai zombie (D:15)
  A centaur simulacrum (D:15)
  6 air elementals
  2 ice dragon skeletons (Crypt:2)
  6 dream sheep
  69 starcursed masses
  25 flying skulls
  An ettin skeleton (Vaults:4)
  6 vampires
  26 spriggans
  2 tarantellas (shapeshifter) (Vaults:5)
  A spriggan (shapeshifter) (Depths:3)
  5 water elementals
  4 shadows
  A yak (shapeshifter) (Vaults:4)
  10 ynoxinuls
  3 wyverns
  A fire bat (Abyss:2)
  16 wraiths
  A fire dragon skeleton (Crypt:3)
  26 fire elementals
  4 hungry ghosts
  8 chaos spawn
  6 neqoxecs
  6 basilisks
  49 yaks
  3 steam dragons
  7 vampire mosquitoes
  A yaktaur simulacrum (Vaults:4)
  A spatial vortex (Abyss:2)
  5 wargs
  A deep troll zombie (Vaults:4)
  A swamp worm (shapeshifter) (Vaults:3)
  A soldier ant (shapeshifter) (Vaults:3)
  A spiny frog zombie (Crypt:1)
  52 nagas
  2 soldier ants
  An infernal demonspawn zombie (Crypt:3)
  3 acid dragons
  14 water moccasins
  2 infernal demonspawn skeletons
  A floating eye (Depths:3)
  19 swamp worms
  7 porcupines
  A deep troll skeleton (Crypt:2)
  12 hell hounds
  31 large abominations
  8 swamp drakes
  36 orc warriors
  31 small abominations
  3 black bears
  2 eyes of draining (shapeshifter)
  5 eyes of draining
  4 ice beasts
  3 sky beasts
  A manticore zombie (Crypt:2)
  65 ogres
  2 human zombies (Vaults:4)
  5 ettin simulacra (Depths:2)
  26 boggarts
  3 necrophages
  2 phantoms
  21 wolves (Lair:6)
  34 centaurs
  14 crocodiles
  Blork the orc (D:4)
  A hog skeleton (Crypt:2)
  5 big kobolds
  An octopode zombie (Crypt:2)
  A gnoll sergeant (D:10)
  2 wyvern zombies
  18 bullfrogs
  4 earth elementals
  A raiju zombie (Crypt:1)
  2 wyvern skeletons
  A scorpion (shapeshifter) (Vaults:5)
  5 scorpions
  A warg skeleton (Crypt:1)
  3 killer bees (D:13)
  3 wights (D:9)
  4 electric eels
  8 howler monkeys
  A troll skeleton (Crypt:3)
  6 centaur zombies
  9 quasits
  11 crimson imps
  8 iron imps
  2 bullfrog zombies
  A gnoll shaman (D:4)
  3 hounds
  87 jellies
  3 bullfrog skeletons
  13 orc priests
  10 centaur skeletons
  Ijyb (D:4)
  Jessica (D:2)
  3 iguanas
  21 orc wizards
  7 worker ants
  2 killer bee zombies
  A dwarf zombie (Crypt:3)
  An ogre zombie (Abyss:3)
  2 hound skeletons
  A howler monkey zombie (D:9)
  3 worker ant zombies
  17 gnolls
  11 adders
  7 shadow imps
  A steam dragon skeleton (Crypt:1)
  7 white imps
  6 ufetubi
  2 adder skeletons (D:8)
  3 adder zombies (D:5)
  4 worms
  3 dart slugs
  9 leopard geckos
  96 orcs
  6 giant cockroaches
  8 goblins
  4 hobgoblins
  24 jackals
  15 kobolds
  3 quokkas
  4 ball pythons
  8 bats
  5 frilled lizards
  A leopard gecko skeleton (D:7)
  An orc zombie (Crypt:3)
  2 quokka zombies
  6 rats
  13 briar patches (Swamp:4)
  4 crawling corpses (Vaults:5)
  8 fungi
  10 plants
  19 starspawn tentacles
  A withered plant (D:15)
3241 creatures vanquished.

Vanquished Creatures (others)
  A draconian monk (Zot:3)
  An iron dragon (Vaults:5)
  A fire giant (Depths:1)
  A great orb of eyes (Slime:5)
  3 vault guards (Vaults:5)
  A spriggan air mage (Depths:2)
  A two-headed ogre (D:15)
  A deep troll earth mage (Depths:1)
  4 deep elf knights
  A spriggan berserker (Depths:2)
  A naga sharpshooter (Snake:4)
  A deep troll (Depths:5)
  2 deep elf archers
  3 deep elf magi
  A moth of wrath (shapeshifter) (Vaults:5)
  A naga mage (Snake:4)
  A moth of wrath (Zot:3)
  A rime drake (Swamp:4)
  3 yaktaurs
  A naga (Snake:4)
  2 boggarts
  4 centaurs
  A big kobold (D:14)
  A howler monkey (D:10)
  A crimson imp (Depths:1)
  5 jellies
  2 orcs
  3 briar patches (Swamp:4)
  A crawling corpse (Vaults:5)
  2 demonic plants (Abyss:3)
  27 fungi
  A lurking horror (Abyss:2)
  A pillar of salt (Crypt:3)
  13 plants
  28 starspawn tentacles
  4 withered plants (D:15)
126 creatures vanquished.

Grand Total: 3367 creatures vanquished

Notes
Turn   | Place    | Note
-------+----------+-------------------------------------------
     0 | D:1      | Moloch the Gargoyle Fighter began the quest for the Orb.
     0 | D:1      | Reached XP level 1. HP: 14/14 MP: 1/1
    48 | D:1      | Reached XP level 2. HP: 15/19 MP: 2/2
   235 | D:1      | Reached XP level 3. HP: 21/24 MP: 3/3
   843 | D:2      | Reached XP level 4. HP: 25/29 MP: 4/4
   889 | D:2      | Found a shadowy altar of Dithmenos.
  1034 | D:2      | Found an ornate altar of the Wu Jian Council.
  1034 | D:2      | Noticed Jessica
  1041 | D:2      | Killed Jessica
  1383 | D:3      | Reached XP level 5. HP: 26/34 MP: 5/5
  1576 | D:4      | Noticed an ogre
  1590 | D:3      | Killed an ogre
  1590 | D:3      | Reached XP level 6. HP: 13/39 MP: 6/6
  1797 | D:4      | Reached skill level 5 in Axes
  1813 | D:4      | Noticed Ijyb
  1815 | D:4      | Noticed a phantom
  1823 | D:4      | Killed Ijyb
  2173 | D:4      | Killed a phantom
  2173 | D:4      | Reached XP level 7. HP: 30/44 MP: 7/7
  2183 | D:4      | Learned a level 2 spell: Blink
  2510 | D:4      | Noticed Blork the orc
  2521 | D:4      | Killed Blork the orc
  2709 | D:4      | Reached skill level 5 in Fighting
  2783 | D:5      | Entered Level 5 of the Dungeon
  3028 | D:4      | Reached XP level 8. HP: 43/49 MP: 8/8
  3144 | D:5      | Found a shimmering altar of Xom.
  3512 | D:5      | Found a hide-covered altar of Uskayaw.
  3869 | D:6      | Found a staircase to the Ecumenical Temple.
  3882 | Temple   | Entered the Ecumenical Temple
  3933 | Temple   | Became a worshipper of Warmaster Okawaru
  4517 | D:7      | Found a transporter.
  4522 | D:7      | Reached * piety under Okawaru
  4583 | D:7      | Reached XP level 9. HP: 55/55 MP: 9/9
  4698 | D:7      | Reached skill level 10 in Axes
  4703 | D:7      | Found a blossoming altar of Fedhas.
  4953 | D:7      | Found a transporter.
  5038 | D:7      | Reached ** piety under Okawaru
  5096 | D:7      | Got an encrusted cloak
  5107 | D:7      | Identified the +0 cloak "Pigex" {rPois Int+5} (You found it on level 7 of the Dungeon)
  5199 | D:8      | Found a staircase to the Lair.
  5552 | D:8      | Reached XP level 10. HP: 59/61 MP: 10/10
  5553 | D:8      | Found an ancient bone altar of Kikubaaqudgha.
  5639 | D:8      | Reached *** piety under Okawaru
  5922 | D:9      | Noticed a manticore
  5937 | D:9      | Killed a manticore
  6455 | D:9      | Noticed a two-headed ogre
  6463 | D:9      | Killed a two-headed ogre
  6463 | D:9      | Reached **** piety under Okawaru
  6463 | D:9      | Received a gift from Okawaru
  6964 | D:10     | Entered Level 10 of the Dungeon
  7063 | D:10     | Reached XP level 11. HP: 68/68 MP: 11/11
  7383 | D:10     | Reached ***** piety under Okawaru
  7589 | D:10     | Found a staircase to the Orcish Mines.
  7599 | Orc:1    | Entered Level 1 of the Orcish Mines
  7843 | Orc:1    | Found Quorchana's Assorted Antiques.
  7918 | Orc:1    | Bought a twisted chain mail for 247 gold pieces
  7928 | Orc:1    | Identified the +8 chain mail of the Cockatrice {Str-3 Dex+4 Stlth+} (You bought it in a shop on level 1 of the Orcish Mines)
  7998 | Orc:1    | Noticed an orc knight
  8009 | Orc:1    | Killed an orc knight
  8035 | Orc:1    | Received a gift from Okawaru
  8185 | Orc:2    | Entered Level 2 of the Orcish Mines
  8185 | Orc:2    | Noticed Nanban's ghost (journeyman DsBe)
  8211 | Orc:2    | Noticed a two-headed ogre
  8225 | Orc:1    | Killed a two-headed ogre
  8299 | Orc:2    | Noticed a two-headed ogre
  8305 | Orc:2    | Noticed a two-headed ogre
  8315 | Orc:1    | Killed a two-headed ogre
  8315 | Orc:1    | Reached skill level 1 in Invocations
  8606 | Orc:2    | Noticed a two-headed ogre
  8607 | Orc:2    | Noticed a cyclops
  8607 | Orc:2    | Noticed a two-headed ogre
  8609 | Orc:2    | Reached skill level 15 in Axes
  8615 | Orc:2    | Noticed a two-headed ogre
  8615 | Orc:2    | Noticed an ogre mage
  8617 | Orc:1    | Killed a two-headed ogre
  8617 | Orc:1    | Reached XP level 12. HP: 58/76 MP: 10/13
  8618 | Orc:1    | Killed a two-headed ogre
  8623 | Orc:1    | Killed a two-headed ogre
  8737 | Orc:2    | Noticed a two-headed ogre
  8745 | Orc:1    | Killed a two-headed ogre
  9358 | Lair:1   | Entered Level 1 of the Lair of Beasts
  9358 | Lair:1   | Noticed NorthaanB's ghost (journeyman HOMo)
  9382 | Lair:1   | Killed NorthaanB's ghost
  9744 | Lair:1   | Noticed a seven-headed hydra
  9769 | Lair:1   | Killed a one-headed hydra
  9769 | Lair:1   | Received a gift from Okawaru
 10932 | Lair:3   | Reached XP level 13. HP: 51/82 MP: 16/16
 11054 | Lair:3   | Reached skill level 10 in Fighting
 11072 | Lair:3   | Found a staircase to the Snake Pit.
 11174 | Lair:3   | Found a shattered altar of Ashenzari.
 11729 | Lair:4   | Found a staircase to the Swamp.
 11806 | Lair:4   | Received a gift from Okawaru
 13413 | Lair:6   | Entered Level 6 of the Lair of Beasts
 13481 | Lair:6   | Learned a level 3 spell: Regeneration
 13527 | Lair:6   | Gained mutation: Your large and strong wings let you fly indefinitely. [Gargoyle growth]
 13527 | Lair:6   | Reached XP level 14. HP: 88/88 MP: 17/17
 13568 | Lair:6   | Received a gift from Okawaru
 13627 | Lair:6   | Received a gift from Okawaru
 14387 | Lair:6   | Reached ****** piety under Okawaru
 14439 | Lair:6   | Received a gift from Okawaru
 14446 | Lair:6   | Got a transparent crystal plate armour {god gift}
 14457 | Lair:6   | Identified the +5 crystal plate armour of Hangman {-Tele rN+++ MR+ Int-4} (Okawaru gifted it to you on level 6 of the Lair of Beasts)
 15602 | Orc:2    | Found a staircase to the Elven Halls.
 15634 | Orc:2    | Killed Nanban's ghost
 15661 | Orc:2    | Found Tiumor's General Store.
 15669 | Orc:2    | Found Xawyklug's Antique Armour Shop.
 15672 | Orc:2    | Found Deelatuxt's Assorted Antiques.
 15683 | Orc:2    | Found Ohiokkeo's Jewellery Shoppe.
 15790 | Orc:2    | Bought a scroll of teleportation for 90 gold pieces
 16037 | Orc:2    | Bought a glowing helmet for 240 gold pieces
 16053 | Orc:2    | Bought a scroll of summoning for 123 gold pieces
 16053 | Orc:2    | Bought a potion of haste for 130 gold pieces
 16154 | D:11     | Noticed Josephine
 16166 | D:11     | Killed Josephine
 16306 | D:11     | Reached XP level 15. HP: 97/97 MP: 18/18
 16550 | D:11     | Received a gift from Okawaru
 16555 | D:11     | Got a smelly chain mail {god gift}
 16574 | D:11     | Identified the +1 chain mail of Proximity {*Contam rN+ Int+7} (Okawaru gifted it to you on level 11 of the Dungeon)
 16585 | D:11     | Gained mutation: You expend magic power (3 MP) to strengthen your wands. [mutagenic glow]
 17571 | D:12     | Noticed Psyche
 17577 | D:12     | Killed Psyche
 18590 | D:14     | Received a gift from Okawaru
 19660 | D:14     | Found a gate to the Vaults.
 19690 | D:15     | Entered Level 15 of the Dungeon
 19768 | D:15     | Found a staircase to the Depths.
 19781 | D:15     | Reached XP level 16. HP: 55/107 MP: 19/19
 20781 | D:15     | Paralysed by an ogre mage for 2 turns
 21280 | Swamp:1  | Entered Level 1 of the Swamp
 21308 | Swamp:1  | Reached skill level 15 in Fighting
 21518 | Swamp:1  | Received a gift from Okawaru
 23101 | Swamp:2  | Noticed a tentacled monstrosity
 23150 | Swamp:2  | Killed a tentacled monstrosity
 23527 | Swamp:3  | Reached skill level 1 in Dodging
 24059 | Swamp:4  | Entered Level 4 of the Swamp
 24094 | Swamp:4  | Reached XP level 17. HP: 70/113 MP: 20/20
 24122 | Swamp:3  | Received a gift from Okawaru
 24438 | Swamp:4  | Reached skill level 5 in Armour
 24988 | Swamp:4  | Received a gift from Okawaru
 24989 | Swamp:4  | Found the +8 Wrath of Trog {antimagic, *Rage}
 25128 | Swamp:4  | Got a decaying rune of Zot
 25312 | Swamp:4  | Got a spiked chain mail
 25328 | Swamp:4  | Identified the +7 chain mail of Xakk {+Fly rN+ Int+2} (You found it on level 4 of the Swamp)
 25694 | Snake:1  | Entered Level 1 of the Snake Pit
 25781 | Snake:1  | Noticed Agnes
 25803 | Snake:1  | Killed Agnes
 25887 | Snake:1  | Received a gift from Okawaru
 25980 | Snake:1  | Noticed Nikola
 25994 | Snake:1  | Killed Nikola
 26000 | Snake:1  | Got a pair of transparent gloves
 26011 | Snake:1  | Identified the +1 pair of gloves "Cuzaje" {rCorr} (You took it off Nikola on level 1 of the Snake Pit)
 26423 | Snake:1  | Found an opulent altar of Gozag.
 27266 | Snake:2  | Reached XP level 18. HP: 95/122 MP: 21/21
 28222 | Snake:3  | Received a gift from Okawaru
 28353 | Snake:3  | Found a bloodstained altar of Trog.
 28561 | Snake:3  | Found Ahuann's Antique Armour Shoppe.
 28584 | Snake:3  | Bought a spiked helmet for 323 gold pieces
 28594 | Snake:3  | Identified the +1 helmet of the Gastropod {rPois} (You bought it in a shop on level 3 of the Snake Pit)
 28630 | Snake:3  | Reached skill level 10 in Armour
 28694 | Snake:4  | Entered Level 4 of the Snake Pit
 29111 | Snake:4  | Noticed Vashnia
 29339 | Snake:4  | Reached skill level 5 in Dodging
 29637 | Snake:4  | Received a gift from Okawaru
 29692 | Snake:4  | Killed Vashnia
 29692 | Snake:4  | Reached XP level 19. HP: 119/128 MP: 22/22
 30035 | Snake:4  | Got a serpentine rune of Zot
 30586 | Elf:1    | Entered Level 1 of the Elven Halls
 30804 | Elf:1    | Received a gift from Okawaru
 31684 | Elf:2    | Noticed Louise
 31697 | Elf:2    | Killed Louise
 31748 | Elf:2    | Received a gift from Okawaru
 31987 | Elf:2    | Noticed Azrael
 32027 | Elf:2    | Killed Azrael
 32059 | Elf:2    | Found a runed gate.
 32059 | Elf:2    | Found a runed gate.
 32059 | Elf:2    | Found a runed gate.
 32585 | Elf:2    | Reached XP level 20. HP: 136/136 MP: 23/23
 32617 | Elf:2    | Noticed Saint Roka
 32636 | Elf:2    | Killed Saint Roka
 32636 | Elf:2    | Received a gift from Okawaru
 33070 | Elf:3    | Entered Level 3 of the Elven Halls
 33126 | Elf:3    | Found Genk's Distillery.
 33142 | Elf:3    | Noticed Asterion
 33171 | Elf:3    | Killed Asterion
 33861 | Elf:3    | Cast into level 2 of the Abyss (a deep elf sorcerer)
 33942 | Abyss:2  | Noticed a bone dragon
 33970 | Abyss:2  | Killed a bone dragon
 34230 | Abyss:2  | Received a gift from Okawaru
 34231 | Abyss:2  | Found the +27 Lear's hauberk
 34321 | Elf:3    | Escaped the Abyss
 34721 | Elf:3    | Reached XP level 21. HP: 106/143 MP: 22/24
 34765 | Elf:3    | Cast into level 2 of the Abyss (a deep elf sorcerer)
 34765 | Abyss:2  | Found a corrupted altar of Lugonu.
 34854 | Abyss:2  | Found a corrupted altar of Lugonu.
 35168 | Abyss:2  | Reached skill level 1 in Spellcasting
 35168 | Abyss:2  | Reached skill level 1 in Necromancy
 35209 | Elf:3    | Escaped the Abyss
 35214 | Elf:3    | Reached skill level 1 in Charms
 35285 | Elf:3    | Received a gift from Okawaru
 35429 | Elf:3    | Got a shimmering amber ring
 35594 | Elf:3    | Identified the ring of Behusi {*Tele rF+} (You took it off a deep elf demonologist on level 3 of the Elven Halls)
 35611 | Elf:3    | Identified the Disquisition on the Igneous Rocks
 35614 | Elf:3    | Identified Vitsuit's Disquisition on the Arsonist
 36008 | Vaults:1 | Entered Level 1 of the Vaults
 37560 | Vaults:2 | Paralysed by a wizard for 6 turns
 37586 | Vaults:2 | Paralysed by an orc for 2 turns
 37596 | Vaults:2 | Reached XP level 22. HP: 55/150 MP: 28/28
 37678 | Vaults:2 | Received a gift from Okawaru
 38196 | Vaults:2 | Reached skill level 5 in Spellcasting
 38202 | Vaults:2 | Found a staircase to the Crypt.
 38661 | Vaults:3 | You are sucked into a shaft!
 38784 | Vaults:4 | Reached skill level 5 in Charms
 38873 | Vaults:3 | Reached skill level 5 in Necromancy
 38954 | Vaults:3 | HP: 7/152 [vault warden/battleaxe of chopping (2)]
 38956 | Vaults:3 | Noticed Aizul
 39163 | Vaults:3 | Received a gift from Okawaru
 39281 | Vaults:3 | Reached skill level 15 in Armour
 39340 | Vaults:2 | Got a fine plate armour {god gift}
 39341 | Vaults:2 | Identified the +10 plate armour "Likhluxoll" {+Blink Regen+ Slay-5} (Okawaru gifted it to you on level 2 of the Vaults)
 39392 | Vaults:3 | Found Dugan's Book Emporium.
 39477 | Vaults:3 | Found Kyxkesel's Distillery.
 39482 | Vaults:3 | Bought a potion of berserk rage for 90 gold pieces
 39482 | Vaults:3 | Bought a potion of heal wounds for 90 gold pieces
 39482 | Vaults:3 | Bought 2 potions of curing for 108 gold pieces
 39482 | Vaults:3 | Bought 2 potions of curing for 108 gold pieces
 39482 | Vaults:3 | Bought 2 potions of might for 144 gold pieces
 39636 | Vaults:3 | Reached XP level 23. HP: 143/156 MP: 32/32
 39639 | Vaults:3 | Paralysed by a great orb of eyes for 5 turns
 39660 | Vaults:3 | Received a gift from Okawaru
 39750 | Vaults:3 | Killed Aizul
 39757 | Vaults:3 | Found Siats's Weapon Boutique.
 39770 | Vaults:3 | Bought a +2 vampiric executioner's axe for 588 gold pieces
 40157 | Vaults:4 | Noticed microfolk's ghost (adept HOMo)
 40198 | Vaults:4 | Killed microfolk's ghost
 40458 | Vaults:4 | Identified a scroll of acquirement
 40787 | Vaults:4 | Found Jutixaup's Antique Armour Shop.
 40865 | Vaults:4 | Bought a distressingly furry cloak for 304 gold pieces
 40875 | Vaults:4 | Identified the cursed +0 cloak of Lifelessness {rF+ rC- Str+4} (You bought it in a shop on level 4 of the Vaults)
 41085 | Vaults:5 | Entered Level 5 of the Vaults
 41096 | Vaults:5 | Received a gift from Okawaru
 41149 | Vaults:5 | Cast into level 2 of the Abyss (a deep elf sorcerer)
 41179 | Vaults:5 | Escaped the Abyss
 41194 | Vaults:5 | Received a gift from Okawaru
 41209 | Vaults:5 | Reached XP level 24. HP: 164/164 MP: 30/34
 41215 | Vaults:5 | Received a gift from Okawaru
 41346 | Vaults:5 | Identified the +11 battleaxe "Ipunua" {chop, +Inv +Fly MR- Str+4} (Okawaru gifted it to you on level 5 of the Vaults)
 41417 | Vaults:5 | Received a gift from Okawaru
 41438 | Vaults:5 | Paralysed by a sphinx for 5 turns
 41508 | Vaults:5 | Got a pitted helmet
 41519 | Vaults:5 | Identified the +1 helmet of Voreil {Dex+2} (You found it on level 5 of the Vaults)
 41707 | Vaults:5 | Paralysed by a sphinx for 7 turns
 41747 | Vaults:5 | Noticed a juggernaut
 41750 | Vaults:5 | Noticed a shard shrike
 41750 | Vaults:5 | a juggernaut changed into a shard shrike
 41762 | Vaults:5 | Killed a shard shrike
 41858 | Vaults:5 | Got a wavering turquoise ring
 41866 | Vaults:5 | Got a fine iron amulet
 41867 | Vaults:5 | Identified the amulet "Codohyah" {Gourm +Inv rPois MR++ Str-4 Int+2} (You took it off a vault sentinel on level 5 of the Vaults)
 41868 | Vaults:5 | Identified the ring "Botzusih" {Int+2 Stlth+} (You took it off a deep elf sorcerer on level 5 of the Vaults)
 42159 | Vaults:5 | Paralysed by a sphinx for 5 turns
 42531 | Vaults:5 | Got a silver rune of Zot
 42630 | Vaults:5 | Got a pair of spiked gloves {god gift}
 42641 | Vaults:5 | Identified the +2 pair of gloves of the Nightingale {rElec} (Okawaru gifted it to you on level 5 of the Vaults)
 42823 | Depths:1 | Entered Level 1 of the Depths
 42838 | Depths:1 | Received a gift from Okawaru
 42867 | Depths:1 | Reached XP level 25. HP: 171/171 MP: 35/35
 43046 | Depths:1 | Found a gateway to Hell.
 43221 | Depths:1 | Found a runed door.
 43250 | Depths:1 | Found Herewil's Jewellery Shoppe.
 43251 | Depths:1 | Found Teid's Gadget Shop.
 43252 | Depths:1 | Found Ovvorph's Gadget Shop.
 43257 | Depths:1 | Bought a phantom mirror for 660 gold pieces
 43259 | Depths:1 | Bought the amulet of Vitality {Regen+ HP+15} for 1185 gold pieces
 43259 | Depths:1 | Found the amulet of Vitality {Regen+ HP+15}
 43266 | Depths:1 | Bought a phantom mirror for 480 gold pieces
 43542 | Depths:1 | Found a one-way gate leading to the halls of Pandemonium.
 43663 | Depths:1 | Noticed Jorgrun
 43672 | Depths:1 | Killed Jorgrun
 43820 | Depths:1 | Identified the amulet of Giforouta {Faith rElec Str-4 Int+3} (You found it on level 1 of the Depths)
 43898 | Depths:2 | Found a shattered altar of Ashenzari.
 43999 | Depths:2 | Found a stormy altar of Qazlal.
 44099 | Depths:2 | Received a gift from Okawaru
 44099 | Depths:2 | Reached skill level 5 in Invocations
 44131 | Depths:2 | Found a white marble altar of Elyvilon.
 44416 | Depths:2 | Found a hazy altar of Hepliaklqana.
 44550 | Depths:2 | Paralysed by a sphinx for 7 turns
 44623 | Depths:2 | Reached XP level 26. HP: 180/180 MP: 32/35
 44641 | Depths:2 | Received a gift from Okawaru
 44720 | Depths:2 | Got a twitching iron ring
 44727 | Depths:2 | Identified the ring "Vegeol" {Int+7 Stlth+} (You took it off a tengu warrior on level 2 of the Depths)
 45173 | Depths:3 | Found a flickering gateway to a bazaar.
 45185 | Bazaar   | Entered a bazaar
 45185 | Bazaar   | Found Xakupom's Distillery.
 45185 | Bazaar   | Found Ymerreull's Antique Armour Shop.
 45231 | Bazaar   | Found Xeinob's Antique Weapon Shop.
 45239 | Bazaar   | Bought a warped executioner's axe for 420 gold pieces
 45239 | Bazaar   | Identified the +4 executioner's axe of Faovoebb {chop, rElec rF- Int+8 Dex-4} (You bought it in a shop in a bazaar)
 45255 | Bazaar   | Bought a potion of haste for 150 gold pieces
 45255 | Bazaar   | Bought a potion of haste for 150 gold pieces
 45255 | Bazaar   | Bought a potion of resistance for 150 gold pieces
 45255 | Bazaar   | Bought a potion of heal wounds for 75 gold pieces
 45255 | Bazaar   | Bought a potion of agility for 60 gold pieces
 45490 | Depths:3 | Found Rokh's Serpentskin Sales.
 45591 | Depths:3 | Paralysed by a floating eye for 4 turns
 45635 | Depths:3 | Found a transporter.
 45635 | Depths:3 | Noticed a juggernaut
 45636 | Depths:3 | Noticed a juggernaut
 45669 | Depths:3 | Found a transporter.
 45802 | Depths:3 | Noticed Xtahua
 45802 | Depths:3 | Paralysed by Xtahua for 2 turns
 45808 | Depths:3 | Paralysed by Xtahua for 6 turns
 45815 | Depths:3 | Killed Xtahua
 46046 | Depths:4 | Received a gift from Okawaru
 46199 | Depths:4 | Noticed an ancient lich
 46242 | Depths:4 | Paralysed by a vampire knight for 3 turns
 46426 | Depths:4 | Killed an ancient lich
 46484 | Depths:4 | Identified the Collected Works on Unholy Secrets
 46726 | Depths:4 | Received a gift from Okawaru
 46775 | Depths:4 | Identified Sif Muna's Incunabulum of Scorching Shape Shifting
 46878 | Depths:4 | Reached skill level 10 in Dodging
 47244 | Depths:4 | Found a one-way gate to the infinite horrors of the Abyss.
 47331 | Depths:4 | Noticed Margery
 47350 | Depths:4 | Killed Margery
 47361 | Depths:4 | Reached XP level 27. HP: 189/189 MP: 35/35
 47513 | Depths:5 | Entered Level 5 of the Depths
 47521 | Depths:5 | Received a gift from Okawaru
 47814 | Depths:5 | Found a gateway to a ziggurat.
 47947 | Depths:5 | Found a gate to the Realm of Zot.
 49007 | Lair:5   | Found a staircase to the Slime Pits.
 49161 | Slime:1  | Entered Level 1 of the Pits of Slime
 49218 | Slime:2  | Gained mutation: You are clumsy. (Dex -2) [a shining eye]
 49228 | Slime:2  | Gained mutation: You tend to lose your temper in combat. [a shining eye]
 49230 | Slime:2  | Gained mutation: Armour fits poorly on your strangely shaped body. [a shining eye]
 49263 | Slime:3  | Gained mutation: You occasionally shout uncontrollably at your foes. [a shining eye]
 49294 | Slime:4  | Reached skill level 10 in Invocations
 49298 | Slime:4  | Received a gift from Okawaru
 49352 | Slime:5  | Entered Level 5 of the Pits of Slime
 49455 | Slime:5  | Noticed the Royal Jelly
 49475 | Slime:5  | Found a viscous altar of Jiyva.
 49495 | Slime:5  | Found the +10 Black Knight's horse barding {ponderous, rPois rN+}
 49507 | Slime:5  | Fell from the grace of Okawaru
 49507 | Slime:5  | Became a worshipper of Jiyva Joxuru the Shapeless
 49939 | Lair:5   | Reached * piety under Jiyva
 49942 | Lair:5   | Reached ** piety under Jiyva
 50094 | Lair:4   | Reached *** piety under Jiyva
 50181 | Lair:3   | Gained mutation: You are partially covered in yellow scales. (AC +2) [Jiyva's grace]
 50411 | Orc:1    | Lost mutation: You tend to lose your temper in combat. [Jiyva's grace]
 50430 | Orc:2    | Reached **** piety under Jiyva
 50531 | Elf:2    | Lost mutation: You occasionally shout uncontrollably at your foes. [Jiyva's grace]
 50557 | Elf:2    | Reached ***** piety under Jiyva
 50568 | Elf:2    | Lost mutation: You expend magic power (3 MP) to strengthen your wands. [Jiyva's grace]
 50677 | Elf:3    | Lost mutation: You are clumsy. (Dex -2) [Jiyva's grace]
 50694 | Elf:3    | Lost mutation: Armour fits poorly on your strangely shaped body. [Jiyva's power]
 50694 | Elf:3    | Lost mutation: You are partially covered in yellow scales. (AC +2) [Jiyva's grace]
 50712 | Elf:3    | Gained mutation: You have a small jelly attached to you that senses nearby items. [Jiyva's grace]
 50713 | Elf:3    | Reached ****** piety under Jiyva
 50715 | Elf:3    | Lost mutation: You have a small jelly attached to you that senses nearby items. [Jiyva's grace]
 50716 | Elf:3    | Gained mutation: You have large cloven feet. [Jiyva's grace]
 50720 | Elf:3    | Lost mutation: You have large cloven feet. [Jiyva's grace]
 50724 | Elf:3    | Gained mutation: You have a pair of small horns on your head. [Jiyva's grace]
 50727 | Elf:3    | Gained mutation: You tend to lose your temper in combat. [Jiyva's grace]
 50733 | Elf:3    | Gained mutation: Your flesh is heat resistant. (rF+) [Jiyva's grace]
 50739 | Elf:3    | Lost mutation: You tend to lose your temper in combat. [Jiyva's grace]
 50785 | Elf:2    | Gained mutation: You possess an exceptional clarity of mind. [Jiyva's grace]
 50810 | Elf:2    | Gained mutation: Your mind is acute. (Int +2) [Jiyva's grace]
 50835 | Elf:2    | Gained mutation: You expend magic power (3 MP) to strengthen your wands. [Jiyva's grace]
 50855 | Elf:2    | Lost mutation: Your flesh is heat resistant. (rF+) [Jiyva's grace]
 50963 | Orc:1    | Gained mutation: Your rubbery body absorbs attacks. (AC +1, EV +1) [Jiyva's grace]
 50987 | D:10     | Lost mutation: Your mind is acute. (Int +2) [Jiyva's grace]
 51149 | D:14     | Lost mutation: Your rubbery body absorbs attacks. (AC +1, EV +1) [Jiyva's grace]
 51167 | D:14     | Gained mutation: You have acidic saliva. [Jiyva's grace]
 51227 | D:15     | Gained mutation: You are frail. (-10% HP) [Jiyva's grace]
 51259 | Depths:1 | Lost mutation: You expend magic power (3 MP) to strengthen your wands. [Jiyva's grace]
 51268 | Depths:1 | Gained mutation: Your body has grown golden eyes which may confuse attackers. (Acc +3) [Jiyva's grace]
 51292 | Depths:1 | Gained mutation: You have supernaturally acute eyesight. (SInv) [Jiyva's grace]
 51350 | Depths:2 | Lost mutation: You are frail. (-10% HP) [Jiyva's grace]
 51360 | Depths:2 | Lost mutation: You have a pair of small horns on your head. [Jiyva's grace]
 51371 | Depths:2 | Gained mutation: You have a small jelly attached to you that senses nearby items. [Jiyva's grace]
 51383 | Depths:2 | Lost mutation: You possess an exceptional clarity of mind. [Jiyva's grace]
 51412 | Depths:2 | Lost mutation: You have supernaturally acute eyesight. (SInv) [Jiyva's grace]
 51425 | Depths:2 | Gained mutation: You are partially covered in slimy green scales. (AC +2) [Jiyva's grace]
 51430 | Depths:2 | Lost mutation: Your body has grown golden eyes which may confuse attackers. (Acc +3) [Jiyva's grace]
 51487 | Depths:4 | Gained mutation: You are resistant to hostile enchantments. (MR+) [Jiyva's grace]
 51514 | Depths:4 | Gained mutation: You possess an exceptional clarity of mind. [Jiyva's grace]
 51569 | Depths:5 | Lost mutation: You have acidic saliva. [Jiyva's grace]
 51697 | D:15     | Gained mutation: Your body has grown golden eyes which may confuse attackers. (Acc +3) [Jiyva's grace]
 51774 | Vaults:1 | Gained mutation: You have sharp fingernails. [Jiyva's grace]
 51797 | Vaults:1 | Lost mutation: You have a small jelly attached to you that senses nearby items. [Jiyva's grace]
 51814 | Vaults:1 | Gained mutation: You have a small jelly attached to you that senses nearby items. [Jiyva's grace]
 51979 | Vaults:2 | Lost mutation: You have sharp fingernails. [Jiyva's grace]
 51988 | Vaults:2 | Gained mutation: Your spells are a little harder to cast, but a little more powerful. [Jiyva's grace]
 52001 | Vaults:2 | Gained mutation: Your muscles are strong. (Str +2) [Jiyva's grace]
 52025 | Vaults:3 | Gained mutation: Armour fits poorly on your pseudopods. [Jiyva's grace]
 52036 | Vaults:3 | Gained mutation: You are robust. (+10% HP) [Jiyva's grace]
 52042 | Vaults:3 | Lost mutation: Your spells are a little harder to cast, but a little more powerful. [Jiyva's grace]
 52081 | Vaults:3 | Gained mutation: You have large cloven feet. [Jiyva's grace]
 52107 | Vaults:3 | Gained mutation: You are agile. (Dex +2) [Jiyva's grace]
 52119 | Vaults:3 | Gained mutation: You are partially covered in icy blue scales. (AC +2) [Jiyva's grace]
 52155 | Vaults:4 | Lost mutation: You are resistant to hostile enchantments. (MR+) [Jiyva's grace]
 52162 | Vaults:4 | Lost mutation: You are robust. (+10% HP) [Jiyva's grace]
 52190 | Vaults:5 | Gained mutation: You can translocate small distances at will. [Jiyva's grace]
 52196 | Vaults:5 | Gained mutation: You have acidic saliva. [Jiyva's grace]
 52198 | Vaults:5 | Gained mutation: You are robust. (+10% HP) [Jiyva's grace]
 52202 | Vaults:5 | Gained mutation: You are very agile. (Dex +4) [Jiyva's grace]
 52205 | Vaults:5 | Gained mutation: Your muscles are very strong. (Str +4) [Jiyva's grace]
 52206 | Vaults:5 | Gained mutation: You evolve. [Jiyva's grace]
 52212 | Vaults:5 | Lost mutation: You have a small jelly attached to you that senses nearby items. [Jiyva's grace]
 52244 | Vaults:5 | Lost mutation: Your body has grown golden eyes which may confuse attackers. (Acc +3) [Jiyva's grace]
 52263 | Vaults:5 | Gained mutation: You are resistant to hostile enchantments. (MR+) [Jiyva's grace]
 52268 | Vaults:5 | Gained mutation: Your mind is acute. (Int +2) [Jiyva's grace]
 52273 | Vaults:5 | Lost mutation: Armour fits poorly on your pseudopods. [Jiyva's grace]
 52279 | Vaults:5 | Lost mutation: You have acidic saliva. [Jiyva's grace]
 52290 | Vaults:5 | Lost mutation: Your mind is acute. (Int +2) [Jiyva's grace]
 52325 | Vaults:4 | Lost mutation: You have large cloven feet. [Jiyva's grace]
 52345 | Vaults:4 | Gained mutation: You are partially covered in large bone plates. (SH +4) [Jiyva's grace]
 52605 | Temple   | Fell from the grace of Jiyva
 52605 | Temple   | Became a worshipper of Zin the Law-Giver
 52605 | Temple   | Reached * piety under Zin
 52605 | Temple   | Reached ** piety under Zin
 52605 | Temple   | Reached *** piety under Zin
 52607 | Temple   | Donated 1573 gold pieces to Zin
 52608 | Temple   | Donated 787 gold pieces to Zin
 52609 | Temple   | Donated 393 gold pieces to Zin
 52681 | D:7      | Reached **** piety under Zin
 52827 | D:15     | Reached ***** piety under Zin
 52942 | Depths:4 | Voluntarily entered the Abyss.
 53032 | Abyss:2  | Reached ****** piety under Zin
 53438 | Abyss:2  | Donated 209 gold pieces to Zin
 53439 | Abyss:2  | Donated 105 gold pieces to Zin
 53440 | Abyss:2  | Donated 52 gold pieces to Zin
 53813 | Abyss:2  | Gained mutation: You occasionally shout uncontrollably at your foes. [mutagenic glow]
 53942 | Abyss:2  | Donated 46 gold pieces to Zin
 53943 | Abyss:2  | Donated 23 gold pieces to Zin
 55050 | Abyss:3  | Got an abyssal rune of Zot
 55099 | Abyss:3  | Found a corrupted altar of Lugonu.
 55332 | Abyss:3  | Paralysed by accursed screaming for 1 turns
 55539 | Depths:4 | Escaped the Abyss
 55899 | Crypt:1  | Entered Level 1 of the Crypt
 56865 | Crypt:2  | Found an ancient bone altar of Kikubaaqudgha.
 56923 | Crypt:2  | Identified Kikubaaqudgha's Incunabulum of Sinister Rites
 57008 | Crypt:2  | Reached skill level 27 in Fighting
 57569 | Crypt:3  | Entered Level 3 of the Crypt
 57874 | Crypt:3  | Noticed an ancient lich
 57891 | Crypt:3  | Killed an ancient lich
 57952 | Crypt:3  | Found a staircase to the Tomb.
 59093 | Zot:1    | Entered Level 1 of the Realm of Zot
 59463 | Zot:1    | Reached skill level 27 in Axes
 60651 | Zot:3    | Noticed BonjourVileCrotch's ghost (legendary GrEE)
 60998 | Zot:3    | Killed from afar by BonjourVileCrotch's ghost

Skill      XL: |  1  2  3  4  5  6  7  8  9 10 11 12 13 14 15 16 17 18 19 20 21 22 23 24 25 26 27 |
---------------+----------------------------------------------------------------------------------+-----
Axes           | 2 3 4 6 7 9 11 13 15 16 18 19 20 21 22 23 24 25 26 27 | 27.0
Fighting       | 4 5 6 7 9 10 12 14 15 16 17 18 19 20 21 22 23 27 | 27.0
Invocations    | 1 4 6 8 11 | 11.4
Armour         | 4 8 10 12 13 14 15 16 18 23 | 23.2
Dodging        | 1 3 5 6 7 9 10 14 | 14.4
Spellcasting   | 4 6 7 8 |  8.4
Necromancy     | 4 5 6 7 |  7.5
Charms         | 4 6 7 8 |  8.1
Shields        | |  3.2

Action                   |  1- 3 |  4- 6 |  7- 9 | 10-12 | 13-15 | 16-18 | 19-21 | 22-24 | 25-27 || total
-------------------------+-------+-------+-------+-------+-------+-------+-------+-------+-------++-------
Melee: War axe           |   108 |   194 |       |       |       |       |       |       |       ||   302
       Hand axe          |       |       |   195 |     8 |    47 |   190 |       |       |       ||   440
       Broad axe         |       |       |   197 |   663 |  1419 |  1581 |  1855 |   593 |       ||  6308
       Executioner's axe |       |       |       |       |       |       |       |   690 |  3400 ||  4090
Throw: Tomahawk          |       |     1 |       |       |       |       |       |       |       ||     1
Invok: Heroism           |       |       |     2 |    13 |     8 |    18 |    18 |     7 |     5 ||    71
       Finesse           |       |       |       |     2 |     1 |     2 |     3 |     3 |     1 ||    12
       Request Jelly     |       |       |       |       |       |       |       |       |    72 ||    72
       Donate Gold       |       |       |       |       |       |       |       |       |     9 ||     9
       Recite            |       |       |       |       |       |       |       |       |     2 ||     2
       Cure Bad Mutation |       |       |       |       |       |       |       |       |     1 ||     1
 Abil: Fly               |       |       |       |       |       |       |       |       |     1 ||     1
       Stop Flying       |       |       |       |       |       |       |       |       |     1 ||     1
Evoke: Wand              |       |       |       |     4 |       |       |       |       |     7 ||    11
  Use: Scroll            |       |       |     8 |     2 |     4 |    11 |     5 |    20 |    11 ||    61
       Potion            |       |       |     2 |       |       |       |       |     3 |     3 ||     8
 Stab: Distracted        |       |       |       |     1 |       |       |     1 |       |     2 ||     4
       Paralysed         |       |       |       |     1 |       |       |       |       |       ||     1
       Invisible         |       |       |       |       |       |       |       |     3 |       ||     3
       Confused          |       |       |       |       |       |       |       |     2 |       ||     2
  Eat: Chunk             |       |     5 |    14 |    20 |    32 |    30 |    25 |    10 |    22 ||   158
       Ration            |       |       |       |     2 |       |     1 |     1 |     4 |     8 ||    16
Armor: Scale mail        |    59 |       |       |       |       |       |       |       |       ||    59
       Plate armour      |    22 |   234 |   264 |   286 |   660 |  1066 |  1051 |   923 |  2623 ||  7129
       Chain mail        |       |       |       |   160 |    70 |       |       |       |       ||   230
Dodge: Dodged            |    44 |    44 |    47 |    99 |   123 |   355 |   676 |   781 |  2111 ||  4280
       Deflected         |       |       |     4 |     9 |     5 |    58 |    96 |    54 |   145 ||   371
Block: Shield            |    68 |   127 |   171 |   432 |  1017 |   843 |   751 |   293 |       ||  3702
       Reflection        |       |       |       |     1 |    39 |    48 |    70 |    17 |       ||   175
       Other             |       |       |       |       |       |       |       |       |   207 ||   207
